AoeStats
← stinkepete2000

Arena

508943886Analyzed
2v2 RM · 6d ago on Sep 24, 2026· 34m 17s· 4 players
Game mode
Random Map
Map size
Medium (4 player)
Population
200
Speed
Normal
Resources
Standard
Victory
Conquest
Starting age
Dark Age
Ending age
Imperial Age
RankedLock teamsTeams togetherTeam positionsShared explorationLock speedFull tech treeHidden civsTurbo modeCheats
Victory
Defeat
🇦🇷 Danes · Argentina
1350
+12
🇦🇷 Gurjaras · Argentina
1316
+14
🇩🇪 Teutons · Germany
1267
-13
🇩🇪 Burgundians · Germany
1266
-13
stinkepete2000
3:35 Double-Bit Axe
11:10 Feudal Age
14:53 Castle Age
13:20 Bow Saw
13:28 Horse Collar
15:59 Heavy Plow
18:55 Scale Barding Armor
21:03 Loom
21:53 Wheelbarrow
23:46 Forging
23:44 Light Cavalry
25:09 Fletching
27:50 Husbandry
27:46 Cavalier
29:17 Chain Barding Armor
29:11 Gold Mining
29:11 Stone Mining
34:06 Imperial Age
32:44 Gold Shaft Mining
32:23 Bodkin Arrow
34:13 Iron Casting
Puschel der Waschbär
11:13 Feudal Age
12:44 Double-Bit Axe
15:24 Castle Age
17:28 Bow Saw
16:54 Man-at-Arms
26:58 Wheelbarrow
30:47 Imperial Age
29:19 Stone Mining
30:41 Stone Shaft Mining
29:56 Gold Mining
29:54 Long Swordsman
30:58 Loom
31:31 Hand Cart
31:01 Town Watch
31:17 Two-Handed Swordsman
Angeliini
9:36 Feudal Age
10:38 Double-Bit Axe
13:14 Castle Age
11:43 Double-Bit Axe
12:26 Horse Collar
13:49 Scale Mail Armor
13:57 Heavy Plow
16:40 Forging
17:33 Squires
19:36 Arson
19:38 Gambesons
20:57 Chain Mail Armor
22:18 Iron Casting
26:31 Wheelbarrow
26:28 Loom
Ragn4r5842
10:00 Feudal Age
14:11 Castle Age
12:30 Horse Collar
12:36 Double-Bit Axe
13:39 Loom
15:02 Bow Saw
14:53 Heavy Plow
18:34 Gold Mining
18:35 Stone Mining
20:20 Wheelbarrow
23:26 Hand Cart
26:42 Scale Barding Armor
26:47 Forging
29:18 Chain Barding Armor
29:33 Iron Casting
29:24 Town Watch
30:01 Bloodlines
29:52 Husbandry
34:06 Kshatriyas
Connection lost

Rejoining the realm…

Still unreachable

The connection could not be restored.

Session expired

The server has moved on; the page needs a fresh start.